 Dungeon Crawl Stone Soup version 0.29-a0-337-g68df138881 (webtiles) character file.

Game seed: 8788837905626580807

27 cbfl8 the Sneak (level 2, -3/27 HPs)
             Began as a Minotaur Delver on Apr 16, 2022.
             Slain by an orc
             ... wielding a +0 mace
              (5 damage)
             ... on level 6 of the Dungeon.
             The game lasted 00:01:35 (631 turns).

cbfl8 the Sneak (Minotaur Delver)                    Turns: 631, Time: 00:01:37

Health: -3/27      AC:  3    Str: 16    XL:     2   Next: 93%
Magic:  1/1        EV: 11    Int:  7    God:
Gold:   7          SH:  0    Dex: 11    Spells: 1/1 levels left

rFire   . . .      SeeInvis .   a - +0 hand axe
rCold   . . .      Faith    .   (no shield)
rNeg    . . .      Spirit   .   b - +0 leather armour
rPois   .          Reflect  .   (helmet restricted)
rElec   .          Harm     .   (no cloak)
rCorr   .          Rampage  .   (no gloves)
Will    .....                   (no boots)
Stlth   ++........              (no amulet)
HPRegen 0.09/turn               (no ring)
MPRegen 0.07/turn               (no ring)

@: no status effects
A: horns 2, retaliatory headbutt
a: no special abilities


You were on level 6 of the Dungeon.
You visited 1 branch of the dungeon, and saw 2 of its levels.

You collected 7 gold pieces.

Inventory:

Hand Weapons
 a - a +0 hand axe (weapon)
Armour
 b - a +0 leather armour (worn)
Wands
 g - a wand of digging (3)
Scrolls
 c - a scroll of fog
 d - a scroll of magic mapping
Potions
 f - a potion of haste
 h - a potion of heal wounds {unknown}


   Skills:
 + Level 3.9 Fighting
 + Level 2.6 Axes
 + Level 0.2 Armour
 + Level 2.2 Dodging
 + Level 4.7 Stealth


You had one spell level left.
You didn't know any spells.
Your spell library was empty.

Dungeon Overview and Level Annotations

Branches:
Dungeon (6/15)
 Temple: D:4-7

Altars:
Kikubaaqudgha


Innate Abilities, Weirdness & Mutations

You have a pair of horns on your head.
You reflexively headbutt those who attack you in melee.


Message History

A phantom is nearby!
* * * LOW HITPOINT WARNING * * *
You feel sick.
* * * LOW HITPOINT WARNING * * *
You feel sick.
There is a stone staircase leading down here.
* * * LOW HITPOINT WARNING * * *
You feel sick.
You climb downwards.
* * * LOW HITPOINT WARNING * * *
You feel sick.
You are no longer poisoned.
Found 13 gold pieces.
There is a stone staircase leading up here.
You start resting.
An orc comes into view. It is wielding a +0 war axe.
An orc is nearby!
An orc is nearby!
The orc shouts!
You hear a shout! x3
As you read the scroll of fear, it crumbles to dust.
You assume a fearsome visage.
The orc looks frightened!
Found a scroll labelled QENESCH BOHUT.
An orc and an orc wizard come into view.
Found an ancient bone altar of Kikubaaqudgha.
The orc wizard shouts!
You hear a shout!
An orc priest comes into view. It is wielding a +0 dagger.
The orc wizard moves out of view.
A kobold brigand comes into view.
It is wielding a +0 short sword and quivering poisoned darts.
The kobold brigand moves out of view.
The orc attacks as you move away! The orc hits you but does no damage.
A kobold comes into view. It is wielding a +0 whip.
Found 2 poisoned darts.
Found an escape hatch in the floor.
The orc priest begins to cast a cantrip, but forgets the words!
The orc barely misses you. You furiously retaliate!
You headbutt the orc.
A kobold comes into view. It is wielding a +0 dagger.
The orc attacks as you move away! The orc hits you with a +0 mace.
* * * LOW HITPOINT WARNING * * *
There is an escape hatch in the floor here.
The orc hits you with a +0 mace.
You die...

#... ._. #..#
.K. # #..#
#o##.# #.$#
#K.? #<.####.#
#......o# ##
####.##.# .#
#.##.##.#
#....o@.#
#######.(....#
#######


You could see an orc.

Vanquished Creatures
  3 adders (D:5)
3 creatures vanquished.

Notes
Turn   | Place    | Note
-------+----------+-------------------------------------------
     0 | D:5      | cbfl8 the Minotaur Delver began the quest for the Orb.
     0 | D:5      | Reached XP level 1. HP: 19/19 MP: 0/0
    69 | D:5      | Reached XP level 2. HP: 11/27 MP: 1/1
   540 | D:5      | Noticed a phantom
   579 | D:6      | HP: 1/27 [poisoned by an adder]
   624 | D:6      | Found an ancient bone altar of Kikubaaqudgha.
   625 | D:6      | Noticed a kobold brigand
   631 | D:6      | Slain by an orc

Illustrated notes

Levels and vault maps discovered:
D:5:      layout_layer_cave
D:6:      layout_loops_cross, nicolae_overflow_crystal_walls,
          kennysheep_generic_room_10

Action                   || total
-------------------------++-------
Melee: Hand axe          ||    15
       Headbutt          ||     2
  Use: Scroll            ||     1
Armor: Leather armour    ||     5
Dodge: Dodged            ||    18

Table legend: (Time is in decaauts)
 A = Elapsed time spent in this place.
 B = Non-inter-level travel time spent in this place.
 C = Inter-level travel time spent in this place.
 D = Time resting spent in this place.
 E = Time spent auto-exploring this place.
 F = Levels seen in this place.
 G = Mean time per level.
                   A        B        C        D        E       F      G
               +--------+--------+--------+--------+--------+-----+--------+
         Total |    633 |    621 |     12 |    404 |      0 |   2 |  316.5 |
       Dungeon |    633 |    621 |     12 |    404 |      0 |   2 |  316.5 |
               +--------+--------+--------+--------+--------+-----+--------+

Top non-repeatable levels by time:
     D:5: 581 daAuts
     D:6: 51 daAuts
